 Dungeon Crawl Stone Soup version 0.22.0-60-ga52c2fc (console) character file.

1117 bli the Chopper (level 8, 0/64 HPs)
             Began as a Formicid Abyssal Knight on Sept 9, 2018.
             Was a Priest of Lugonu.
             Slain by an orc priest
             ... wielding a +0 war axe
              (3 damage)
             ... on level 9 of the Dungeon.
             The game lasted 00:30:44 (6028 turns).

bli the Chopper (Formicid Abyssal Knight)           Turns: 6028, Time: 00:30:45

Health: 0/64       AC:  9    Str: 15 (16) XL:     8   Next: 60%
Magic:  0/9        EV: 11    Int: 10 (13) God:    Lugonu [***...]
Gold:   466        SH:  0    Dex:  9 (12) Spells: 7/7 levels left

rFire    . . .     SeeInvis +   a - +1 hand axe
rCold    . . .     Gourm    .   (no shield)
rNeg     . . .     Faith    .   D - +3 ring mail
rPois    +         Spirit   +   (helmet unavailable)
rElec    .         Reflect  .   A - scarf {cloud immunity}
rCorr    .         Harm     .   (no gloves)
MR       .....                  (no boots)
Stlth    +.........             G - amulet of guardian spirit
HPRegen  0.20/turn              w - ring of poison resistance
MPRegen  0.11/turn              (no ring)

@: no status effects
A: permanent stasis, dig shafts and tunnels, four strong arms, antennae 3
a: Dig, Shaft Self, Depart the Abyss, Bend Space, Banish, Renounce Religion


You were on level 9 of the Dungeon.
You worshipped Lugonu.
Lugonu was most pleased with you.
You were hungry.

You visited 1 branch of the dungeon, and saw 8 of its levels.
You visited the Abyss 1 time.

You collected 466 gold pieces.

Inventory:

Hand Weapons
 a - a +1 hand axe (weapon)
 s - a +0 flail
 v - a cursed -2 whip
 z - a +1 quarterstaff of distortion
Missiles
 y - 47 poisoned needles
 H - 6 steel javelins (quivered)
Armour
 b - a +0 leather armour
 i - a +2 ring mail of positive energy
 l - a +0 cloak
 A - a scarf of cloud immunity (worn)
 D - a +3 ring mail (worn)
 F - a +1 ring mail of poison resistance
Magical Staves
 x - an uncursed staff of summoning
Jewellery
 w - a ring of poison resistance (left hand)
 G - an amulet of guardian spirit (around neck)
Wands
 f - a wand of flame (9)
 h - a wand of paralysis (12)
 p - a wand of iceblast (7)
Scrolls
 d - a scroll of fog {unknown}
 e - 3 scrolls of immolation {unknown}
 g - 5 scrolls of identify
 j - a scroll of amnesia {unknown}
 t - 5 scrolls of teleportation {unknown}
 B - 3 scrolls of remove curse
 C - a scroll of enchant weapon {unknown}
 I - a scroll of blinking {unknown}
Potions
 k - 3 potions of curing
 m - 3 potions of agility
 n - a potion of might {unknown}
 o - 3 potions of degeneration
 q - a potion of flight {unknown}
 r - 3 potions of heal wounds {unknown}
 u - a potion of lignification {unknown}
 E - a potion of ambrosia
Comestibles
 c - 4 rations
 J - a chunk of flesh


   Skills:
 + Level 6.0 Fighting
 + Level 6.1 Axes
 * Level 5.4 Armour
 + Level 2.6 Dodging
 + Level 1.3 Stealth
 + Level 2.2 Invocations
 + Level 2.0 Evocations


You had 7 spell levels left.
You didn't know any spells.
Your spell library contained the following spells:

 Spells                   Type           Power        Failure   Level  Hunger
 Flame Tongue             Conj/Fire      #....        56%         1    ##.....
 Throw Flame              Conj/Fire      #.....       71%         2    ###....
 Conjure Flame            Conj/Fire      #.......     91%         3    ####...
 Inner Flame              Hex/Fire       #.......     91%         3    ####...
 Sticky Flame             Conj/Fire      #.......     100%        4    #####..
 Fireball                 Conj/Fire      #.........   100%        5    ######.


Dungeon Overview and Level Annotations

Branches:
Dungeon (6/15)             Temple (0/1) D:4

Altars:
Ashenzari
Kikubaaqudgha
Makhleb
Okawaru
Vehumet
Xom
Zin
The Shining One

Annotations:
D:5 shadizar's ghost, novice GrFi


Innate Abilities, Weirdness & Mutations

You cannot be hasted, slowed, berserked, paralysed or teleported.
You can dig through walls and to a lower floor.
Your four strong arms can wield two-handed weapons with a shield.
You have a pair of large antennae on your head. (SInv)


Message History

The leopard gecko bites you but does no damage.
The orc priest barely misses you.
You closely miss the orc priest.
The orc priest is moderately wounded.
You barely miss the leopard gecko. The leopard gecko closely misses you.
The orc priest hits you but does no damage.
The leopard gecko barely misses you.
You hit the orc priest.
The orc priest is severely wounded.
You hit the leopard gecko. The leopard gecko misses you.
The orc priest misses You hit the orc priest.
The orc priest is almost dead.
You barely miss the leopard gecko. The leopard gecko barely misses you.
You barely miss the orc priest.
The orc priest is almost dead.
You hit the leopard gecko.
You kill the leopard gecko!
Lugonu accepts your kill. The orc priest hits you with a war axe.
You die...

### .. # ###.# o#
#.##...#.{.o
#........# ##
###o##.##h ..
#@oh.....).
####.##.####.#...
.......oh.hh...
..#####.####.#...
#.# h# #.# . #.#
#+#


You could see an orc priest, an orc wizard, an orc and 2 jackals.

Vanquished Creatures
  A sky beast (D:6)
  A phantom (D:6)
  2 ogres (D:5)
  2 bullfrogs
  A scorpion (D:7)
  A howler monkey (D:6)
  A crimson imp (D:6)
  A bullfrog zombie (D:6)
  A jelly (D:5)
  3 hounds
  A bullfrog skeleton (D:5)
  An orc wizard (D:5)
  5 worker ants
  A hound zombie (D:5)
  A howler monkey skeleton (D:4)
  7 adders
  2 oozes (D:2)
  An adder zombie (D:6)
  An adder skeleton (D:6)
  3 worms
  4 dart slugs
  2 leopard geckos
  7 orcs
  4 giant cockroaches
  10 hobgoblins
  7 jackals
  8 kobolds
  A quokka (D:7)
  2 ball pythons
  7 bats
  A frilled lizard (D:1)
  10 goblins
  14 rats
114 creatures vanquished.

Notes
Turn   | Place    | Note
-------+----------+-------------------------------------------
     0 | Abyss:1  | bli the Formicid Abyssal Knight began the quest for the
                  | Orb.
     0 | Abyss:1  | Reached XP level 1. HP: 18/18 MP: 2/2
   151 | Abyss:3  | Noticed a neqoxec
   152 | D:1      | Escaped the Abyss
   388 | D:1      | Reached XP level 2. HP: 20/25 MP: 3/3
   404 | D:1      | Reached * piety under Lugonu
   408 | D:1      | Reached skill level 1 in Dodging
   811 | D:1      | Reached XP level 3. HP: 28/30 MP: 4/4
  1658 | D:2      | Reached XP level 4. HP: 33/37 MP: 5/5
  1828 | D:2      | Reached skill level 1 in Stealth
  2064 | D:2      | Reached ** piety under Lugonu
  2275 | D:3      | Noticed a bullfrog
  2288 | D:2      | Killed a bullfrog
  2288 | D:2      | Reached XP level 5. HP: 15/43 MP: 6/6
  2593 | D:3      | Found a faded altar of an unknown god.
  2593 | D:3      | Found a glowing silver altar of Zin.
  2599 | D:3      | Found an iron altar of Okawaru.
  2601 | D:3      | Found a faded altar of an unknown god.
  2603 | D:3      | Found an ancient bone altar of Kikubaaqudgha.
  2734 | D:3      | Found a shattered altar of Ashenzari.
  2953 | D:3      | You fall through a shaft for 3 floors!
  3044 | D:6      | Reached XP level 6. HP: 41/49 MP: 7/7
  3069 | D:6      | HP: 2/49 [worker ant (6)]
  3093 | D:6      | Noticed a phantom
  3376 | D:5      | Entered Level 5 of the Dungeon
  3450 | D:5      | Noticed an ogre
  3470 | D:5      | Killed an ogre
  3470 | D:5      | Reached skill level 5 in Fighting
  3470 | D:5      | Reached XP level 7. HP: 40/56 MP: 8/8
  3508 | D:5      | HP: 2/56 [ogre/giant club (19)]
  3872 | D:5      | Reached skill level 5 in Axes
  4391 | D:4      | Reached skill level 5 in Armour
  4415 | D:4      | Reached XP level 8. HP: 62/62 MP: 9/9
  4487 | D:4      | Found a staircase to the Ecumenical Temple.
  4905 | D:5      | Reached *** piety under Lugonu
  4984 | D:5      | Found a glowing golden altar of the Shining One.
  4985 | D:5      | Found a shimmering altar of Xom.
  5006 | D:5      | Found a radiant altar of Vehumet.
  5053 | D:5      | Found a burning altar of Makhleb.
  5171 | D:5      | Found a runed door.
  5176 | D:5      | Noticed shadizar's ghost (novice GrFi)
  5212 | D:5      | You fall through a shaft!
  5525 | D:6      | Reached skill level 1 in Evocations
  5884 | D:5      | You fall through a shaft for 2 floors!
  5989 | D:7      | Noticed a vampire
  6011 | D:7      | You fall through a shaft for 2 floors!
  6020 | D:9      | HP: 1/64 [orc priest/divine providence (9)]
  6028 | D:9      | Slain by an orc priest

Skill      XL: |  1  2  3  4  5  6  7  8 |
---------------+-------------------------+-----
Dodging        | 1 2 |  2.6
Fighting       | 4 5 6 |  6.0
Stealth        | 1 |  1.3
Axes           | 3 4 5 6 |  6.1
Armour         | 3 4 5 |  5.4
Evocations     | 2 |  2.0
Invocations    | |  2.2

Action                   |  1- 3 |  4- 6 |  7- 9 || total
-------------------------+-------+-------+-------++-------
Melee: Hand axe          |   104 |   180 |   249 ||   533
Invok: Depart the Abyss  |     1 |       |       ||     1
       Bend Space        |       |       |     1 ||     1
 Abil: Dig               |       |     1 |       ||     1
       Shaft Self        |       |       |     3 ||     3
Evoke: Wand              |       |     2 |    23 ||    25
  Use: Potion            |     1 |     3 |     1 ||     5
       Scroll            |       |     2 |     3 ||     5
 Stab: Sleeping          |     1 |       |       ||     1
  Eat: Chunk             |     2 |     6 |     9 ||    17
Armor: Leather armour    |    37 |     7 |       ||    44
       Ring mail         |       |    61 |   118 ||   179
Dodge: Dodged            |    62 |   123 |   134 ||   319
